 Dungeon Crawl Stone Soup version 0.31-a0-1204-ge2c1a860ed (webtiles) character file.

Game seed: 2626506137745273455

74 LeprechaunX the Changeling (level 4, 0/29 HPs)
             Began as an Octopode Shapeshifter on Dec 12, 2023.
             Frozen to death by an endoplasm (4 damage)
             ... on level 2 of the Dungeon.
             The game lasted 00:01:43 (1400 turns).

LeprechaunX the Changeling (Octopode Shapeshifter)  Turns: 1400, Time: 00:01:44

Health: 0/29       AC:  1    Str: 13    XL:     4   Next: 30%
Magic:  4/4        EV: 13    Int: 18    God:
Gold:   130        SH:  0    Dex: 13    Spells: 3/3 levels left

rFire   . .          .
                       - Unarmed
rCold   . . .        (no shield)
rNeg    . . .        (helmet currently unavailable)
rPois   .            (no amulet)
rElec   .            m - +6 ring of intelligence
rCorr   .            (no ring)
SInv    .            (no ring)
Will    .....        (no ring)
Stlth   ++           (no ring)
HPRegen 0.24/turn    (no ring)
MPRegen 0.09/turn    (no ring)
                     (no ring)

%: no passive effects
@: beast-form
A: beast (slay +2), almost no armour, amphibious, 8 rings, camouflage 1,
gelatinous body 1, (nimble swimmer 1), tentacles
a: Begin Untransformation


You were on level 2 of the Dungeon.
You were a hulking beast.
You visited 1 branch of the dungeon, and saw 3 of its levels.

You collected 130 gold pieces.

Inventory:

Hand Weapons
 a - a +0 sling
Missiles
 j - 2 throwing nets
Jewellery
 m - a +6 ring of intelligence (left tentacle)
Talismans
 b - a beast talisman
 c - a flux talisman
Scrolls
 d - a scroll of identify {unknown}
 g - 3 scrolls of teleportation {unknown}
 n - a scroll of revelation {unknown}
Potions
 e - a potion of mutation {unknown}
 f - 3 potions of might {unknown}
 h - 2 potions of curing {unknown}
 i - a potion of invisibility {unknown}
 k - a potion of haste {unknown}
 l - a potion of lignification


   Skills:
 + Level 2.0 Fighting
 + Level 0.5 Throwing
 - Level 2.0 Dodging
 + Level 3.5 Unarmed Combat
 * Level 3.9 Shapeshifting


You had 3 spell levels left.
You didn't know any spells.
Your spell library contained the following spells:

 Spells                   Type           Power      Damage    Failure   Level
 Summon Guardian Golem    Hex/Summ       0%         N/A       54%         3
 Orb of Destruction       Conj           0%         9d5       100%        7
 Spellforged Servitor     Conj/Summ      0%         N/A       100%        7


Dungeon Overview and Level Annotations

Branches:
Dungeon (3/15)

Altars:
Xom


Innate Abilities, Weirdness & Mutations

You are a hulking beast.
Your limbs bulge with bestial killing power. (Slay +2)
You cannot wear most types of armour.
You are amphibious.
You can wear up to eight rings at the same time.
Your skin changes colour to match your surroundings (Stealth+).
Your rubbery body absorbs attacks. (AC +1, EV +1)
((You are camouflaged when in or above water. (Stealth+)))
You have tentacles for arms and can constrict up to eight enemies at once.


Message History

a +0 dagger; a goblin corpse You start resting.
HP restored.
There is a stone staircase leading down here.
You climb downwards.
The orc hits you with a +0 dagger. The endoplasm misses you.
The orc hits you from afar with a +0 trident.
The orc closely misses you. The endoplasm barely misses you.
The orc hits you from afar with a +0 trident!
There is a stone staircase leading up, spattered with blood here.
The orc closely misses you. The orc hits you with a +0 club.
The orc hits you from afar with a +0 trident!
* * * LOW HITPOINT WARNING * * *
The endoplasm closely misses you.
You climb upwards.
There is a stone staircase leading down here.
Unknown command.
You barely miss the orc. You grab the orc.
You constrict the orc, but do no damage.
The orc hits you but does no damage. The endoplasm freezes you.
You are frozen.
* * * LOW HITPOINT WARNING * * *
The orc closely misses you.
You tentacle-slap the orc. Your grab misses the orc. You squeeze the orc.
You kill the orc!
You constrict the orc. The orc hits you with a +0 dagger.
* * * LOW HITPOINT WARNING * * *
The endoplasm jiggles.
The endoplasm hits you.
* * * LOW HITPOINT WARNING * * *
You tentacle-slap the orc but do no damage.
The orc is lightly wounded.
You constrict the orc. The orc barely misses you.
Unknown command.
You bludgeon the orc!
You kill the orc!
The endoplasm freezes you.
You are frozen.
You die...

..### #.# #.## ....### #.# #..#
.##...## #.# ##.###
.####..########.##### #.<.# .#
##...##.........# ###.# .#
###..#.........# #.# .#
##...........# #####.### ##
###....))J..#####........
###########.....h)........#######
.................)..#######
#####################


You could see an endoplasm.

Vanquished Creatures
  2 adders (D:2)
  2 dart slugs
  3 orcs (D:2)
  5 endoplasms
  7 giant cockroaches
  5 goblins
  5 hobgoblins
  3 jackals (D:1)
  5 kobolds
  A ball python (D:1)
  2 bats (D:2)
  3 frilled lizards
  2 rats (D:1)
45 creatures vanquished.

Notes
Turn   | Place    | Note
-------+----------+-------------------------------------------
     0 | D:1      | LeprechaunX the Octopode Shapeshifter began the quest for
                  | the Orb.
     0 | D:1      | Reached XP level 1. HP: 13/13 MP: 1/1
   124 | D:1      | Reached XP level 2. HP: 12/18 MP: 2/2
   447 | D:1      | Reached XP level 3. HP: 23/23 MP: 3/3
  1036 | D:2      | Reached XP level 4. HP: 23/29 MP: 4/4
  1072 | D:2      | Found a shimmering altar of Xom.
  1400 | D:2      | Frozen to death by an endoplasm

Illustrated notes

Levels and vault maps discovered:
D:1:      dpeg_arrival_line_fractal, layout_loops_ring
D:2:      layout_rooms, basic_altar
D:3:      layout_rooms

Skill      XL: |  1  2  3  4 |
---------------+-------------+-----
Fighting       | 2 |  2.0
Throwing       | |  0.5
Dodging        | |  2.0
Unarmed Combat | |  3.5
Shapeshifting  | |  3.9

Action                     |  1- 3 |  4- 6 || total
---------------------------+-------+-------++-------
  Melee: Unarmed           |    64 |    23 ||    87
         Constrict         |    16 |     6 ||    22
         Tentacles         |    14 |     3 ||    17
         Punch             |     1 |     1 ||     2
   Stab: Sleeping          |     6 |     1 ||     7
         Distracted        |     1 |       ||     1
 Armour: Skin              |    26 |    18 ||    44
  Dodge: Dodged            |    32 |    15 ||    47

Table legend: (Time is in decaauts)
 A = Elapsed time spent in this place.
 B = Non-inter-level travel time spent in this place.
 C = Inter-level travel time spent in this place.
 D = Time resting spent in this place.
 E = Time spent auto-exploring this place.
 F = Levels seen in this place.
 G = Mean time per level.
                   A        B        C        D        E       F      G
               +--------+--------+--------+--------+--------+-----+--------+
         Total |   1394 |   1337 |     57 |     57 |   1032 |   3 |  464.7 |
       Dungeon |   1394 |   1337 |     57 |     57 |   1032 |   3 |  464.7 |
               +--------+--------+--------+--------+--------+-----+--------+

Top non-repeatable levels by time:
     D:1: 828 daAuts
     D:2: 557 daAuts
     D:3: 9 daAuts
